Map: Taito Citadel LE

Players

Parapapam

  • Race: Zerg Zerg
  • League: Diamond
  • Spawn Location: 5:00

HoldTheDoor - Winner!

  • Race: Protoss Protoss
  • League: Diamond
  • Spawn Location: 11:00

VOD

Have the link to the VOD?

Description

Time

  • Played on: May 7, 2026, 10:50 a.m.
  • Length: 10:18
Show
View Real Time Build Order
Export as new Build Order

Parapapam Zerg 

Build Orders: Hatch First, Roach Hydra 

Get SALT Encoding   

  12  0:00  Drone  
  13  0:12  Overlord  
  13  0:18  Drone  
  14  0:41  Hatchery  
  13  0:47  Drone x2  
  15  0:51  Drone  
  16  1:01  Extractor  
  15  1:10  Spawning Pool  
  14  1:14  Drone  
  14  1:18  Drone  
  16  1:25  Drone  
  17  1:30  Drone  
  18  1:41  Drone  
  19  1:52  Drone  
  20  1:56  Queen  
  20  1:57  Queen  
  24  2:02  Drone  
  25  2:12  Drone  
  25  2:13  Zergling x2  
  25  2:14  Drone  
  28  2:19  Overlord  
  28  2:39  Drone x2  
  28  2:41  Queen  
  28  2:43  Drone x2  
  34  2:47  Drone x2  
  36  2:56  Overlord  
  36  2:57  Overlord  
  36  3:12  Metabolic Boost  
  36  3:20  Hatchery  
  36  3:24  Drone x4  
  36  3:26  Drone  
  40  3:29  Drone  
  40  3:32  Drone  
  40  3:33  Drone  
  43  3:43  Drone  
  44  3:52  Lair  
  44  4:10  Roach Warren  
  44  4:11  Extractor  
  44  4:12  Extractor  
  44  4:14  Extractor  
  40  4:20  Drone x3  
  40  4:21  Drone  
  44  4:26  Overlord x2  
  44  4:27  Overlord  
  44  4:31  Hatchery  
  42  4:32  Queen  
  44  4:40  Zergling x12  
  50  4:48  Spore Crawler  
  49  4:54  Zergling x12  
  49  4:58  Roach x3  
  61  5:08  Zergling x2  
  61  5:09  Roach x2  
  65  5:19  Overseer x2  
  63  5:25  Roach x4  
  71  5:46  Roach  
  71  5:48  Overlord x3  
  73  6:06  Drone, Zergling x2  
  73  6:07  Glial Reconstitution  
  73  6:11  Drone, Evolution Chamber  
  76  6:12  Drone x5  
  76  6:13  Evolution Chamber  
  64  6:40  Zerg Missile Weapons Level 1, Zerg Ground Armor Level 1  
  64  6:45  Hydralisk Den  
  63  6:52  Drone  
  63  6:53  Drone x8  
  72  6:55  Extractor  
  72  6:57  Extractor  
  72  7:00  Hatchery  
  69  7:06  Infestation Pit  
  69  7:07  Drone x3  
  71  7:20  Ravager  
  71  7:21  Ravager  
  71  7:22  Ravager x2  
  74  7:24  Roach x3  
  74  7:26  Grooved Spines  
  81  7:30  Overlord  
  81  7:31  Overlord  
  81  7:33  Drone  
  82  7:40  Overlord x2  
  82  7:50  Roach x4  
  90  8:06  Hatchery  
  89  8:16  Muscular Augments  
  89  8:17  Drone  
  89  8:18  Drone  
  91  8:20  Hydralisk x2  
  91  8:21  Hydralisk x3  
  101  8:28  Hive  
  101  8:31  Hydralisk  
  103  8:40  Lurker Den  
  102  8:42  Hydralisk x2  
  102  8:47  Ravager x8  
  114  8:51  Hydralisk  
  116  9:01  Hydralisk  
  116  9:02  Hydralisk x2  
  114  9:13  Overlord x3  
  107  9:28  Hydralisk x4  
  76  9:44  Hydralisk  
  76  9:45  Hydralisk x4  
Show
View Real Time Build Order
Export as new Build Order

HoldTheDoor Protoss - Winner!

Build Orders: 1 Gate Expand, Archon Immortal, Archon Drop, Dark Templar Rush 

Get SALT Encoding   

  12  0:00  Probe  
  13  0:12  Probe  
  14  0:18  Pylon  
  14  0:24  Probe  
  15  0:35  Probe  
  16  0:43  Probe  
  16  0:44  Gateway  
  17  0:56  Probe  
  18  1:08  Probe  
  19  1:11  Assimilator  
  20  1:32  Nexus  
  19  1:36  Cybernetics Core  
  19  1:37  Probe  
  20  1:43  Assimilator  
  20  1:49  Probe  
  21  1:58  Pylon  
  21  2:02  Probe  
  21  2:04  Stalker, Warp Gate  
  22  2:14  Probe  
  25  2:26  Probe  
  26  2:34  Adept  
  28  2:38  Gateway  
  28  2:40  Probe  
  29  2:46  Twilight Council  
  29  2:49  Probe  
  30  2:52  Probe  
  31  3:01  Probe  
  31  3:05  Robotics Facility  
  32  3:07  Probe  
  33  3:13  Assimilator  
  33  3:14  Probe  
  33  3:19  Probe  
  35  3:31  Probe  
  36  3:34  Dark Shrine  
  36  3:37  Probe  
  37  3:46  Probe  
  37  3:47  Warp Prism  
  38  3:53  Probe  
  39  3:56  Pylon  
  41  4:03  Gateway  
  41  4:05  Gateway  
  41  4:10  Pylon  
  41  4:14  Probe  
  42  4:17  Probe  
  43  4:26  Probe  
  44  4:36  Probe  
  45  4:43  Probe  
  46  4:49  Nexus  
  46  4:52  Pylon  
  46  4:59  Dark Templar x3  
  52  5:04  Dark Templar  
  54  5:18  Immortal  
  54  5:21  Probe  
  54  5:22  Probe  
  54  5:24  Charge  
  60  5:29  Pylon  
  60  5:33  Pylon  
  60  5:34  Probe  
  61  5:45  Zealot x3  
  61  5:46  Zealot  
  69  5:52  Gateway  
  69  5:53  Gateway, Probe  
  70  5:58  Probe  
  70  6:01  Pylon  
  71  6:05  Probe  
  71  6:08  Archon  
  72  6:14  Archon  
  72  6:15  Probe  
  72  6:17  Probe  
  78  6:18  Immortal  
  78  6:25  Stalker x4  
  80  6:39  Probe x2  
  80  6:41  Probe  
  81  6:47  Shield Battery  
  81  6:48  Shield Battery  
  81  6:51  Probe x2, Pylon  
  81  6:53  Probe, Pylon, Forge  
  84  6:57  Immortal  
  88  7:03  Probe  
  88  7:05  Dark Templar x2  
  88  7:06  Protoss Ground Weapons Level 1  
  93  7:14  Dark Templar x2  
  93  7:15  Dark Templar  
  99  7:17  Dark Templar  
  99  7:19  Archon x2  
  99  7:21  Archon  
  101  7:23  Probe  
  102  7:34  Gateway  
  102  7:36  Gateway  
  102  7:39  Pylon  
  102  7:43  Pylon  
  102  7:45  Pylon  
  102  7:49  Photon Cannon  
  102  7:53  Photon Cannon  
  102  7:57  Pylon  
  102  8:00  Photon Cannon, Pylon  
  102  8:02  Photon Cannon  
  102  8:03  Zealot  
  102  8:05  Photon Cannon  
  104  8:09  Immortal  
  108  8:13  Zealot  
  108  8:14  Zealot  
  108  8:16  Zealot  
  108  8:19  Dark Templar  
  116  8:22  Dark Templar  
  118  8:35  Photon Cannon  
  118  8:38  Photon Cannon  
  118  8:41  Shield Battery  
  118  8:43  Pylon  
  118  8:49  Photon Cannon  
  118  8:50  Photon Cannon  
  118  8:51  Pylon  
  118  9:02  Zealot  
  120  9:03  Zealot x5  
  120  9:04  Zealot x2  
  120  9:30  Zealot  
  120  9:31  Zealot x7  
  114  10:03  Zealot x7  
  114  10:04  Zealot  
Tags
 
Add a new tag
Caveats
  • Supply blocks, unpowered buildings, or Contaminate may cause inaccurate times.
  • Supply counts are checked every 10 seconds.